[Event "IX Famalicao Open 2022"]
[Site "Vila Nova de Famalicao"]
[Date "2022.07.27"]
[Round "5.11"]
[White "Suarez Rozas, David"]
[Black "Akshit Kumar J"]
[Result "1-0"]
[ECO "D03"]
[WhiteElo "1772"]
[BlackElo "2103"]
[Annotator "TA"]
[PlyCount "96"]
[EventDate "2022.07.25"]
[EventType "tourn"]
[EventCountry "POR"]
[SourceTitle "playchess.com"]
[Source "ChessBase"]
[SourceQuality "1"]
[TimeControl "5400+30"]

1. d4 Nf6 2. Nf3 d5 3. Bg5 Ne4 4. Bf4 c5 5. c3 Nc6 6. e3 Qb6 7. Qb3 {D03: 1 d4 d5 2 Nf3 Nf6 3 Bg5, including Torre Attack with early ...d5.} c4 8. Qxb6 axb6 9. Nbd2 {The position is equal.} Nxd2 {9...Bf5 is the hot move.} 10. Nxd2 {[#]} f5 $146 {Inhibits e4.} (10... b5 $11) ({Predecessor:} 10... b5 11. e4 e6 12. Be2 Be7 13. Bf3 g5 14. Bg3 dxe4 15. Nxe4 f5 16. Nd6+ Kd7 {½-½ (63) Jacquin,R (2536)-Piccoli,F (2665) ICCF email 2008}) 11. g4 fxg4 12. e4 e6 13. Bg2 {[%mdl 1024] White has compensation.} Ra5 14. O-O Be7 15. a4 O-O 16. Bc7 {exd5 is the strong threat.} Bd8 17. Bd6 Be7 18. Bc7 {Strongly threatening exd5.} Bg5 (18... Bd8 $1 $11 {remains equal.} 19. Bd6 Be7 20. Bc7) 19. b4 {[#]} (19. exd5 $16 exd5 20. b4) 19... Bxd2 $1 $11 20. bxa5 {Hoping for Ra3.} Bxc3 21. exd5 Nxd4 (21... Bxa1 22. dxc6 Bxd4 23. cxb7 Bxb7 24. Bxb7 bxa5 25. Bxa5 $18) 22. Rab1 bxa5 {White should prevent ...Bb4.} 23. Rfc1 (23. dxe6 $11 {and White is okay.} Bxe6 24. Rxb7) 23... Ne2+ $19 24. Kf1 (24. Kh1 {keeps fighting.}) 24... Nxc1 25. Rxc1 Bd4 26. Rc2 (26. Rxc4 Rxf2+ 27. Ke1 Rxg2 28. Rxd4) 26... b6 27. d6 c3 {White must now prevent ...Ba6+.} 28. Bc6 Bxf2 29. Kg2 {[#]} Bd4 (29... Rf7 $1 $19 {And now ...Bd4 would win.} 30. Rxc3 (30. Rxf2 $2 Rxf2+ 31. Kxf2 c2 $19) 30... Bc5) 30. d7 $15 {[#]} Bxd7 31. Bxd7 {[#]} Rf6 ({Black should play} 31... Kf7 $1 $17 32. Re2 e5 33. Bxg4 Kf6) 32. Bd8 $1 $11 Rh6 33. Bg5 Rg6 34. Bh4 Kf7 35. Rc1 Rh6 36. Rf1+ Bf6 $1 37. Bf2 Ke7 38. Bb5 Be5 39. Bg1 Rh3 {Threatens to win with ...c2.} 40. Be2 $2 (40. Rc1 $17 {stays breathing.}) 40... c2 $19 {Black is clearly winning.} 41. Rc1 Rc3 42. Bxb6 Bf4 43. Bxa5 Rc8 ({Not} 43... Bxc1 44. Bxc3 Bg5 45. Bb2 $15) 44. Bb4+ Kf6 45. Ba6 Rc7 ({Weaker is} 45... Bxc1 46. Bxc8 Bg5 47. Ba3 $17) 46. Ba3 Bxc1 47. Bxc1 Rd7 48. Bb2+ Kf7 {[%mdl 32768] Weighted Error Value: White=0.60/Black=0.17 (very precise) . Sensor Board Error (Ke4/e5)?} 1-0

[Event "IX Famalicao Open 2022"]
[Site "Vila Nova de Famalicao"]
[Date "2022.07.27"]
[Round "5.12"]
[White "Quintas Otero, Anton"]
[Black "Romano, Joao"]
[Result "0-1"]
[ECO "C54"]
[WhiteElo "1730"]
[BlackElo "2029"]
[Annotator "TA"]
[PlyCount "70"]
[EventDate "2022.07.25"]
[EventType "tourn"]
[EventCountry "POR"]
[SourceTitle "playchess.com"]
[Source "ChessBase"]
[SourceQuality "1"]
[TimeControl "5400+30"]

1. e4 e5 2. Nf3 Nc6 3. Bc4 Bc5 4. c3 Nf6 5. d4 exd4 6. e5 d5 7. Bb5 Ne4 8. cxd4 Bb6 9. Nc3 O-O 10. Be3 {[%emt 0:00:56] C54: Giuoco Piano: 4 c3 Nf6, main lines with 5 d4 and 5 d3.} Bf5 11. Qb3 (11. O-O $142) 11... Ne7 {[%emt 0:15:31] [#]} (11... Na5 $5 12. Qb4 (12. Qxd5 Qe7 $15) 12... a6 $11) 12. Nh4 $146 ({Better is} 12. Rd1 $11) ({Predecessor:} 12. O-O c6 13. Be2 Rb8 14. Na4 Bc7 15. Nh4 f6 16. Bf3 b5 17. Nc3 Nxc3 18. exf6 {0-1 (33) So,W (2770)-Carlsen,M (2847) chess24.com INT 2021}) 12... Be6 $15 {[%emt 0:00:15] Strongly threatening ...c5.} 13. f4 $2 ({White should try} 13. Qa3 $15) 13... c6 (13... c5 $1 $19 14. dxc5 d4) 14. Be2 {[%emt 0:04:05] [#]} (14. f5 $17 {might work better.}) 14... Qd7 $2 (14... c5 $1 $19 15. f5 Bxf5 16. Nxe4 Bxe4 17. dxc5 Ba5+ 18. Kf1 Nc6) 15. O-O $11 Rae8 16. a4 (16. Na4 $5 ) 16... f6 17. a5 Bd8 18. Bd3 {[%emt 0:01:39] [#]} (18. Qd1 $11) 18... Kh8 (18... fxe5 $1 $17 19. dxe5 d4) 19. Qc2 f5 (19... g5 $11 {remains equal.} 20. exf6 (20. Bxe4 dxe4 21. fxg5 fxg5 $11) 20... gxh4 21. fxe7 (21. Nxe4 dxe4 22. fxe7 Rxe7 $15) (21. Bxe4 Nf5 $17) 21... Rxe7) 20. Rf3 (20. b4 $16) 20... c5 {[%emt 0:05:02] Threatens to win with ...Nc6.} 21. Bb5 Nc6 22. Rh3 Bxh4 23. Rxh4 cxd4 24. Bxc6 {[%emt 0:00:44][%mdl 64] Remove Defender} bxc6 25. Bxd4 Rc8 {[%emt 0:04:21] aiming for ...c5.} 26. Nxe4 dxe4 27. Bc5 Rfd8 28. Bd6 c5 29. Qe2 c4 30. Qh5 h6 31. Ra3 {[%emt 0:02:55] Black must now prevent Rg3.} c3 32. bxc3 ({Much worse is} 32. Rxc3 Rxc3 33. bxc3 Qb7 $15) (32. Qg6 $1 $11) 32... Qb5 $19 {[%emt 0:00:41] ...Qb1+ is the strong threat.} 33. Qd1 {[%emt 0:00:13] Prevents Qb1.} Qc5+ 34. Bxc5 (34. Qd4 $142 Rxd6 35. Rxh6+ (35. exd6 $2 {perishes.} Qxa3 36. Rxh6+ Kg8 $19) 35... gxh6 36. exd6+ Qxd4+ 37. cxd4) 34... Rxd1+ 35. Kf2 Rxc5 {[%emt 0:00:04] Weighted Error Value: White=0.78/Black=0.35} 0-1

[Event "IX Famalicao Open 2022"]
[Site "Vila Nova de Famalicao"]
[Date "2022.07.27"]
[Round "6.1"]
[White "Abdisalimov, Abdimalik"]
[Black "Das, Sayantan"]
[Result "1-0"]
[ECO "E70"]
[WhiteElo "2437"]
[BlackElo "2449"]
[Annotator "TA"]
[PlyCount "71"]
[EventDate "2022.07.25"]
[EventType "tourn"]
[EventCountry "POR"]
[SourceTitle "playchess.com"]
[Source "ChessBase"]
[SourceQuality "1"]
[TimeControl "5400+30"]

1. c4 Nf6 2. Nc3 g6 3. d4 Bg7 4. e4 d6 5. Nge2 O-O 6. f3 a6 7. Be3 b5 {E81: King's Indian: Sämisch: 6th move deviations (including 6 Be3 c6).} 8. cxb5 axb5 9. Nxb5 c6 {The position is equal.} 10. Nbc3 Nbd7 11. Nf4 e5 12. dxe5 Nxe5 13. Be2 $1 d5 14. O-O Re8 {[#]} 15. Bd4 $146 ({Predecessor:} 15. Kh1 dxe4 16. fxe4 g5 17. Nh3 h6 18. Qc2 Nfg4 19. Bg1 Qa5 20. a3 Ng6 21. Bxg4 Bxg4 {½-½ (37) Legemaat,G (2351)-Ozols,A (2335) ICCF email 2018}) 15... g5 16. Nd3 Nc4 17. Nb4 Qd6 {[#]} 18. Nxc6 Qxc6 19. exd5 Qa6 (19... Nxd5 $11 20. Bxg7 Rxe2 21. Nxe2 Nce3) 20. b3 $36 {[%mdl 2048] White has strong initiative.} Rxe2 21. Qxe2 Na3 22. Qb2 Rb8 $2 {This move loses the game for Black.} (22... Bf5 $16) 23. Ne4 Nc4 24. Qf2 ({Not} 24. Nxf6+ Bxf6 25. Qf2 Na3 $18) 24... Nxe4 25. fxe4 Bxd4 26. Qxd4 {The board is on fire.} Qb6 27. Qxb6 Nxb6 28. Rac1 {Threatens to win with a4.} Bd7 (28... f5 {was worth a try.} 29. exf5 Nxd5) 29. Rc7 Kf8 30. e5 {[#] e6 is the strong threat.} Ke7 {Prevents e6.} 31. Rf6 {Black must now prevent Rd6.} h5 $2 (31... Nxd5 32. Rxd7+ Kxd7 33. Rd6+ Ke7) 32. Rd6 {White is clearly winning.} Ke8 33. Rh6 {aiming for d6.} Kd8 34. d6 {Threatening mate with Rh8+.} Nd5 35. Rh8+ Be8 36. Rxf7 {Weighted Error Value: White=0.19 (very precise) /Black=0.35} 1-0

[Event "IX Famalicao Open 2022"]
[Site "Vila Nova de Famalicao"]
[Date "2022.07.27"]
[Round "6.2"]
[White "Krishna C R G"]
[Black "Akhvlediani, Irakli"]
[Result "1/2-1/2"]
[ECO "E06"]
[WhiteElo "2430"]
[BlackElo "2429"]
[Annotator "TA"]
[PlyCount "55"]
[EventDate "2022.07.25"]
[EventType "tourn"]
[EventCountry "POR"]
[SourceTitle "playchess.com"]
[Source "ChessBase"]
[SourceQuality "1"]
[TimeControl "5400+30"]

1. d4 Nf6 2. c4 e6 3. g3 d5 4. Bg2 Be7 5. Nf3 O-O 6. O-O dxc4 7. Qc2 a6 8. a4 {[%emt 0:00:15] The main line 8.a4 scores better than 8.Qxc4.} Nbd7 9. Bf4 {[%emt 0:21:16] E05: Open Catalan: 5 Nf3 Be7.} Nd5 {[%emt 0:24:08] [#] The position is equal.} 10. Na3 $146 ({Predecessor:} 10. Nbd2 b6 11. Nxc4 Nxf4 12. gxf4 Bb7 13. Rac1 Nf6 14. Nce5 Nd5 15. e3 c5 16. dxc5 bxc5 {½-½ (41) Toniutti,E (2133)-Avalos Parra,J (2251) Asuncion 2011}) 10... c5 11. Nxc4 Nxf4 12. gxf4 cxd4 13. Nxd4 Qc7 14. e3 Bf6 15. Rfd1 e5 16. Nxe5 Qxc2 17. Nxc2 Nxe5 18. fxe5 Bxe5 19. Nd4 Rb8 20. h3 Bf6 21. Rac1 Bd7 22. b3 Rfc8 23. Rxc8+ Bxc8 24. Rc1 Be5 25. Rd1 Bf6 26. Rc1 Be5 27. Rd1 Bf6 28. Rc1 {An interesting draw.  Weighted Error Value: White=0.05 (flawless) /Black=0.05 (flawless)} 1/2-1/2

[Event "IX Famalicao Open 2022"]
[Site "Vila Nova de Famalicao"]
[Date "2022.07.27"]
[Round "6.3"]
[White "Dias, Paulo"]
[Black "Martinez Duany, Lelys Stanley"]
[Result "0-1"]
[ECO "A56"]
[WhiteElo "2348"]
[BlackElo "2497"]
[Annotator "TA"]
[PlyCount "64"]
[EventDate "2022.07.25"]
[EventType "tourn"]
[EventCountry "POR"]
[SourceTitle "playchess.com"]
[Source "ChessBase"]
[SourceQuality "1"]
[TimeControl "5400+30"]

1. d4 Nf6 2. c4 c5 3. d5 g6 4. Nc3 Bg7 5. e4 d6 6. Nf3 O-O 7. Bd3 e5 8. h3 {[%emt 0:06:03] was the old line (8.0-0).} Nh5 {[%emt 0:02:41] E90: King's Indian: Classical: Early deviations and 6 h3.} 9. g4 (9. Bc2 $14) 9... Nf4 $11 10. Bxf4 exf4 {[%emt 0:00:05] The position is equal.} 11. Qd2 Nd7 12. Qxf4 Ne5 13. O-O-O {[%emt 0:08:38] [#]} (13. Nxe5 $14 Bxe5 14. Qf3) 13... b5 $146 ({Predecessor:} 13... a6 14. Qe3 Nxf3 15. Qxf3 b5 16. Qg3 Rb8 {½-½ (16) Stojkovska,M (2113)-Ivanov,M (2369) Novi Sad 2018}) 14. Nxb5 Rb8 (14... Nxf3 $11 15. Qxf3 Qa5) 15. Nxe5 $1 $14 Bxe5 16. Qd2 Qf6 {[%emt 0:10:04] Prevents f4.} 17. g5 (17. Kc2 $1 $14) 17... Qf3 $17 {[%emt 0:00:11][%mdl 1024] Black has strong compensation.} 18. Qe2 Qf4+ 19. Qd2 (19. Kc2 $1 $11) 19... Qh4 20. Kb1 a6 21. Nc3 {[%emt 0:00:30] [#]} f6 $1 (21... Bf4 $6 22. Qc2 $11) 22. gxf6 Rxf6 (22... Qxf6 23. Ka1) 23. Rdf1 Rf3 {[%emt 0:00:19] And now ...Qf6 would win.} 24. Nd1 Bd7 {[%emt 0:00:45] Black is much more active.} 25. Qc2 {[%emt 0:04:13] [#]} (25. Bc2 $17) 25... Rb4 ({And not} 25... Rxh3 26. Rxh3 Qxh3 27. f4 $11) ({Black should play} 25... Qf6 $1 $19 {[%cal Oe5b2] ...Bxb2! is the strong threat.} 26. b3 a5) 26. Be2 $2 (26. Rhg1 $17) 26... Ba4 $19 {[%emt 0:00:25] A strong pair of Bishops.} ({Inferior is} 26... Rxh3 27. Rxh3 Qxh3 28. f4 $11) 27. b3 {[%emt 0:01:51] [#]} Bxb3 $1 {[%emt 0:00:11][%mdl 576] Demolition} 28. axb3 Rbxb3+ 29. Kc1 Qh6+ (29... Qf4+ $142 30. Ne3 Rfxe3 31. fxe3 Qxe3+ 32. Kd1 Qd4+ 33. Bd3 Rxd3+ 34. Qxd3 Qxd3+ 35. Kc1 Qe3+ 36. Kd1 Bc3 37. Rf8+ Kxf8 38. Rh2 Qe1+ 39. Kc2 Be5 40. Rd2 Bf4 41. Rd3 Qe2+ 42. Kb3 Qxd3+ 43. Kb2 Qe2+ 44. Kc3 Be5+ 45. Kb3 Qb2+ 46. Ka4 Qb4#) 30. Ne3 Rfxe3 {[%emt 0:00:10] Black mates.} 31. fxe3 Qxe3+ ({Stronger than} 31... Rc3 32. Rf3 $15) 32. Kd1 Qd4+ {[%emt 0:01:43] Weighted Error Value: White=1.12/Black=0.50} 0-1

[Event "IX Famalicao Open 2022"]
[Site "Vila Nova de Famalicao"]
[Date "2022.07.27"]
[Round "6.4"]
[White "Rodriguez Lopez, Rafael"]
[Black "Spraggett, Kevin"]
[Result "1-0"]
[ECO "B47"]
[WhiteElo "2172"]
[BlackElo "2487"]
[Annotator "TA"]
[PlyCount "91"]
[EventDate "2022.07.25"]
[EventType "tourn"]
[EventCountry "POR"]
[SourceTitle "playchess.com"]
[Source "ChessBase"]
[SourceQuality "1"]
[TimeControl "5400+30"]

1. e4 c5 2. Nf3 e6 3. d4 cxd4 4. Nxd4 Nc6 5. Nc3 Qc7 6. g3 a6 7. Bg2 d6 8. Nxc6 {B47: Sicilian: Taimanov: 5 Nc3 Qc7 6 f4, 6 g3 and 6 Be2.} bxc6 9. O-O Bb7 10. Na4 {White is slightly better.} Nf6 11. c4 c5 12. Nc3 Be7 13. b3 Nd7 14. f4 O-O 15. Bb2 Rad8 16. Qe2 Bf6 17. Rad1 Bd4+ 18. Kh1 {[#]} Rfe8 $146 ({Predecessor:} 18... Bc6 19. g4 Rfe8 20. Qd3 Nf6 21. h3 Qb7 22. Rde1 d5 23. e5 Ne4 24. Nxe4 dxe4 {½-½ (64) Votava,J (2506)-Suran,J (2332) Germany 2001}) 19. g4 (19. Nb1 $11) 19... d5 $17 20. cxd5 exd5 21. e5 Bxc3 22. Bxc3 Nf6 (22... d4 $15 23. Be1 f6) 23. Qf3 Ne4 24. Ba1 Ba8 25. Qd3 a5 26. Qc2 Rc8 27. Rc1 (27. Kg1 $11 {feels stronger.}) 27... Qb8 28. Qd3 Qb4 29. Rc2 a4 30. Rfc1 axb3 31. axb3 Rb8 32. Kg1 h6 (32... Qxb3 33. Qxb3 Rxb3 34. Bxe4 dxe4 35. Rxc5 $14) 33. Qe3 Qa3 34. Bxe4 dxe4 35. Rxc5 Rxb3 36. R5c3 Rxc3 37. Qxc3 (37. Bxc3 $11 Rd8 38. Bd4) 37... Qa7+ 38. Qd4 Qa3 (38... Qb7 $5 39. e6 fxe6 $17) 39. Qc3 Qa2 {[%cal Oe4e3] ( -> ...e3!)} 40. Qb2 $2 (40. Qe3 $1 $11) 40... Qa6 $1 $19 {Hoping for ...e3.} 41. f5 e3 ({Better is} 41... Rd8 $19 {Threatens to win with ...Qa7+.} 42. e6 Qa7+ 43. Kf1 (43. Qf2 $2 e3 $19) 43... f6) 42. e6 $1 $15 f6 43. Rc7 {[%cal Oc7g7] Threatening mate with Rxg7+!} Qa4 44. Qd4 {Prevents Qd1+. Really sharp!} (44. Rxg7+ $2 Kh8 45. Qd4 Qc6 46. Rh7+ Kxh7 $19) 44... Qb5 {[%mdl 8192] [#]} (44... Qa2 {is a self mate.} 45. Rxg7+ $3 (45. Bb2 Kh8 $11) 45... Kh8 46. Rh7+ $3 Kxh7 47. Qd7+) (44... e2 $11 45. Kf2 (45. Qxa4 $2 e1=Q#) (45. Rxg7+ $2 Kh8 $19) 45... e1=B+ 46. Kxe1 Qa5+ 47. Qc3 Qb6) 45. Rxg7+ $3 Kh8 {[#]} 46. Rb7 $3 {[%mdl 512] Weighted Error Value: White=0.24 (precise) /Black=0.34} 1-0

[Event "IX Famalicao Open 2022"]
[Site "Vila Nova de Famalicao"]
[Date "2022.07.27"]
[Round "6.5"]
[White "Akshit Kumar J"]
[Black "Aditya Mittal"]
[Result "0-1"]
[ECO "B92"]
[WhiteElo "2103"]
[BlackElo "2480"]
[Annotator "TA"]
[PlyCount "76"]
[EventDate "2022.07.25"]
[EventType "tourn"]
[EventCountry "POR"]
[SourceTitle "playchess.com"]
[Source "ChessBase"]
[SourceQuality "1"]
[TimeControl "5400+30"]

1. e4 c5 2. Nf3 d6 3. d4 cxd4 4. Nxd4 Nf6 5. Nc3 a6 6. Be2 e5 7. Nb3 Be7 8. O-O O-O 9. Be3 Be6 10. Re1 {[%emt 0:00:05] B92: Sicilian Najdorf: 6 Be2.} Nbd7 11. a4 Rc8 12. a5 {[%emt 0:00:40] The position is equal.} Qc7 (12... Rxc3 $5 13. bxc3 Nxe4 $11) 13. Bf3 {[%emt 0:00:58] was the old line (13.Qd2).} Rfd8 14. Nd2 h6 15. Nf1 Qb8 16. Na4 Rc6 {[%emt 0:03:53] [#]} 17. Nb6 $146 ({Predecessor:} 17. Ng3 Rdc8 18. c3 Bd8 19. b4 b5 20. axb6 Nxb6 21. Nxb6 Bxb6 22. Rxa6 Bxe3 23. Rxc6 Bxf2+ 24. Kxf2 Rxc6 {0-1 (33) Paiva,H (2080)-Villar Perez,S (2170) Pontevedra 2018}) 17... Nxb6 18. Bxb6 Rd7 (18... Rdc8 $11) 19. Ne3 $14 Bd8 20. Nd5 Bxb6 21. Nxb6 Rdc7 22. Re2 Nd7 23. Nxd7 Rxd7 24. Rd2 b5 25. axb6 Qxb6 26. b3 a5 27. h3 Rdc7 28. c4 Rb7 29. Rd3 Qc5 30. Qd2 (30. Bg4 $14) 30... Rb4 $11 31. Rd1 Rcb6 32. Rxd6 Rxb3 {[%emt 0:00:07] [#] Hoping for ...Rxd6.} 33. Rxb6 ({But not} 33. Rd8+ Kh7 34. Ra8 Rb2 $17) 33... Rxb6 34. Qd8+ $2 {[%emt 0:05:39] White does not recover from this.} (34. Ra1 $11) 34... Kh7 $19 {[%emt 0:00:03] ...a4 is the strong threat.} 35. Qe8 (35. Qd2) 35... Rb2 36. Rd8 Qxf2+ {[%emt 0:00:22] Black mates.} 37. Kh1 Qf1+ 38. Kh2 Qxf3 {[%emt 0:00:09] Weighted Error Value: White=0.59/Black=0.08 (flawless)} 0-1

[Event "IX Famalicao Open 2022"]
[Site "Vila Nova de Famalicao"]
[Date "2022.07.27"]
[Round "6.6"]
[White "Petkov, Vladimir"]
[Black "Borges, Guilherme Deola"]
[Result "1-0"]
[ECO "A49"]
[WhiteElo "2470"]
[BlackElo "2185"]
[Annotator "TA"]
[PlyCount "69"]
[EventDate "2022.07.25"]
[EventType "tourn"]
[EventCountry "POR"]
[SourceTitle "playchess.com"]
[Source "ChessBase"]
[SourceQuality "1"]
[TimeControl "5400+30"]

1. d4 Nf6 2. Nf3 g6 3. g3 Bg7 4. Bg2 O-O 5. O-O d6 6. a4 a5 7. Re1 Nbd7 8. Nc3 c6 9. e4 e5 10. h3 Re8 11. Be3 Qc7 {11...exd4 is more advanced technology. B07: Pirc Defence: Miscellaneous Systems.} 12. d5 Nb6 13. Nd2 cxd5 {The position is equal.} 14. exd5 Bd7 15. Qe2 Rac8 16. Nb5 Bxb5 17. Qxb5 {[#]} Nc4 $146 ({Predecessor:} 17... Nbd7 18. g4 h6 19. c3 b6 20. Bf1 Rb8 21. Nc4 Bf8 22. Rad1 Rec8 23. f3 Qd8 {½-½ (50) Landgraf,S-Tarnai,K ICCF corr 1973}) 18. Nxc4 Qxc4 19. c3 Nh5 ({Better is} 19... Qc7 $14) 20. Bb6 ({Don't take} 20. Qxa5 f5 21. Bf1 Qc7 22. Qxc7 Rxc7) (20. Qxb7 $18 Rb8 21. Qc6) 20... f5 $16 21. Bf1 Qxb5 22. axb5 e4 23. Rxa5 Nf6 24. Rd1 Nd7 25. Be3 b6 $2 {[#]} (25... Bf6 $16 26. b6 Ne5) 26. Ra7 $18 Nc5 (26... Red8 27. Rda1 Nc5 28. Bxc5 dxc5) 27. b4 {White is clearly winning.} Nd3 28. Bxd3 exd3 29. Rxd3 Bxc3 30. Bxb6 Bxb4 31. Re3 Rxe3 32. Bxe3 Rb8 33. b6 h5 34. Rd7 Kf8 35. b7 {Weighted Error Value: White=0.04 (flawless) /Black=0.45} 1-0

[Event "IX Famalicao Open 2022"]
[Site "Vila Nova de Famalicao"]
[Date "2022.07.27"]
[Round "6.7"]
[White "Romano, Joao"]
[Black "Nigmatov, Ortik"]
[Result "0-1"]
[ECO "E62"]
[WhiteElo "2029"]
[BlackElo "2437"]
[Annotator "TA"]
[PlyCount "93"]
[EventDate "2022.07.25"]
[EventType "tourn"]
[EventCountry "POR"]
[SourceTitle "playchess.com"]
[Source "ChessBase"]
[SourceQuality "1"]
[TimeControl "5400+30"]

1. d4 Nf6 2. c4 g6 3. Nc3 Bg7 4. g3 d6 5. Bg2 Nc6 6. Nf3 O-O 7. O-O e5 8. dxe5 dxe5 $1 {The main line 8...dxe5 scores better than 8...Nxe5.} 9. Bg5 Be6 10. Qc1 {E62: King's Indian: Fianchetto: 6...c6 and Panno Variation (6...Nc6) without ...a6.} Qc8 11. Nd2 Nd7 12. Nd5 {The position is equal.} h6 13. Be3 {[#]} f5 $146 ({Predecessor:} 13... Re8 14. Rd1 Nd4 15. Re1 c6 16. Nc3 f5 17. Nf3 Kh7 18. b3 c5 19. Rd1 Qc7 {0-1 (36) Vantika,A (2286)-Onischuk,V (2633) Chess.com INT 2020}) 14. Nb3 Kh7 15. Rd1 Rf7 16. Qc2 Bf8 17. Rac1 a5 18. Qb1 a4 19. Na1 e4 (19... Bd6 $15) 20. Nc2 $11 Nde5 21. Nd4 Ng4 22. Nxe6 Qxe6 23. Nf4 (23. Bd2 $11) 23... Qe8 24. Bd2 Bc5 {Black is more active.} (24... e3 $15 {should be considered.} 25. fxe3 Bc5) 25. Be1 g5 26. Rd5 $2 ({Only move:} 26. Nd5 $1 $15) 26... gxf4 $19 27. Rxc5 Nd4 $36 {[%mdl 2048] White is under strong pressure.} 28. Bf1 fxg3 (28... f3 29. e3 Ne2+ 30. Bxe2 fxe2 31. Qc2 $11) 29. hxg3 (29. fxg3 {is the only way for White.} Qe7 30. Rd5) 29... Rg7 {( -> ...Qh5)} 30. Bh3 Nxe2+ {Pair of Knights!} 31. Kf1 Nxc1 32. Qxc1 Qh5 33. Kg2 c6 34. Qf4 Rf7 35. Bd2 Qg6 ({Don't blunder} 35... Rg8 $2 36. Ra5 $19) 36. Bc3 b6 37. Rxc6 Qxc6 38. Bxg4 Qg6 (38... Qxc4 $2 39. Bxf5+ Rxf5 40. Qxf5+ Kg8 41. Qf6 $18) 39. Bd1 Re7 {Against Qe5} 40. Bc2 Rd8 {Hoping for ...Qg5.} 41. Bxa4 Rd3 {...e3 is the strong threat.} 42. Bb4 Rg7 43. Bd1 $2 (43. Bc2) 43... Rgd7 $2 (43... Rxd1 $19 44. Qh4 e3) 44. Be2 $17 {[#] Inhibits Qh5.} Qg5 45. Bxd3 $4 (45. Qe5 $11) 45... Rxd3 $2 (45... Qxf4 $19 46. gxf4 exd3) 46. Qh4 $2 (46. Qe5 $11 {and White has nothing to worry.}) 46... f4 $2 (46... Qxh4 $19 47. gxh4 Kg6) 47. Bc3 $2 {[%mdl 8192] Weighted Error Value: White=0.81/Black=0.49} (47. Qxf4 $17 {was the crucial defense.} Qxf4 48. gxf4) 0-1

[Event "IX Famalicao Open 2022"]
[Site "Vila Nova de Famalicao"]
[Date "2022.07.27"]
[Round "6.8"]
[White "Umetsubo, Cesar Hidemitsu"]
[Black "Marques, Ricardo Taborda Trig"]
[Result "1-0"]
[ECO "D72"]
[WhiteElo "2405"]
[BlackElo "1991"]
[Annotator "TA"]
[PlyCount "43"]
[EventDate "2022.07.25"]
[EventType "tourn"]
[EventCountry "POR"]
[SourceTitle "playchess.com"]
[Source "ChessBase"]
[SourceQuality "1"]
[TimeControl "5400+30"]

1. d4 Nf6 2. c4 g6 3. g3 Bg7 4. Bg2 d5 5. cxd5 Nxd5 6. e4 Nb6 7. Ne2 O-O 8. Nbc3 Nc6 9. d5 Na5 10. b3 c6 11. O-O cxd5 12. exd5 Bg4 {D72: Fianchetto Grünfeld: 5 cxd5 Nxd5 6 e4 Nb6 (without Nf3).} 13. Bd2 (13. f3 $5 Bf5 14. Ba3 $14) 13... Nc8 (13... Rc8 $11 {remains equal.}) 14. h3 $16 {[#]} Bxe2 $146 {White is better.} ({Predecessor:} 14... Bd7 15. Rc1 Nd6 16. Bf4 Qb6 17. Qd2 Rfe8 18. Rfd1 Rac8 19. Be3 Qa6 20. Nd4 b6 {1-0 (30) Tregubov,P (2617)-Savitskiy,S (2330) Sochi 2015}) 15. Qxe2 {[#] b4 is the strong threat.} Nd6 16. Rfe1 {White is more active.} Re8 17. Rac1 $36 {[%mdl 2048] Black must now prevent Nb5. Black is under strong pressure.} Rc8 {A mistake that costs the game.} (17... b6 $16) 18. Nb5 $18 Rxc1 19. Rxc1 {aiming for Bxa5.} Nxb5 20. Qxb5 b6 {[#]} (20... Nc6 21. Qxb7 Nd4) 21. d6 a6 22. Qd3 {Weighted Error Value: White=0.05 (flawless) /Black=0.39} 1-0